 Dungeon Crawl Stone Soup version 0.21.0-3-g78d12a8 (webtiles) character file.

56 newtant the Chopper (level 3, -2/31 HPs)
             Began as a Hill Orc Fighter on Jan 8, 2018.
             Slain by execc's ghost (7 damage)
             ... on level 3 of the Dungeon.
             The game lasted 00:04:14 (1335 turns).

newtant the Chopper (Hill Orc Fighter)              Turns: 1335, Time: 00:04:14

Health: -2/31      AC:  6    Str: 23    XL:     3   Next: 97%
Magic:  3/3        EV:  7    Int:  8    God:
Gold:   143        SH:  9    Dex: 11    Spells: 2/2 levels left

rFire    . . .     SeeInvis .   a - +0 war axe
rCold    . . .     Gourm    .   c - +0 shield
rNeg     . . .     Faith    .   g - +0 scale mail
rPois    .         Spirit   .   (no helmet)
rElec    .         Reflect  .   (no cloak)
rCorr    .         Harm     .   (no gloves)
MR       .....                  (no boots)
Stlth    ..........             (no amulet)
HPRegen  0.10/turn              (no ring)
MPRegen  0.08/turn              (no ring)

@: mighty
A: no striking features
a: no special abilities


You were on level 3 of the Dungeon.
You were hungry.

You visited 1 branch of the dungeon, and saw 3 of its levels.

You collected 143 gold pieces.

Inventory:

Hand Weapons
 a - a +0 war axe (weapon)
Armour
 b - a +0 scale mail
 c - a +0 shield (worn)
 g - a +0 scale mail (worn)
 j - a +0 leather armour
Scrolls
 e - 3 scrolls of magic mapping {unknown}
 i - 4 scrolls of teleportation {unknown}
 k - 2 scrolls of remove curse {unknown}
 l - a scroll of enchant armour {unknown}
 m - 3 scrolls of immolation {unknown}
 n - 2 scrolls of fog {unknown}
 q - a scroll of blinking {unknown}
 r - 2 scrolls of identify {unknown}
 s - a scroll of amnesia {unknown}
Potions
 d - 2 potions of might
 h - a potion of degeneration {unknown}
 o - a potion of invisibility {unknown}
 p - a potion of mutation {unknown}
 u - a potion of curing {unknown}
 w - a potion of haste {unknown}
Books
 v - a book of Minor Magic

   Spells                             Type                      Level
   a - Magic Dart                     Conjuration                  1
   b - Blink                          Translocation                2
   c - Call Imp                       Summoning                    2
   d - Slow                           Hexes                        2
   e - Conjure Flame                  Conjuration/Fire             3
   f - Mephitic Cloud                 Conjuration/Poison/Air       3
Comestibles
 f - 7 rations
 t - 3 chunks of flesh


   Skills:
 - Level 3.6 Fighting
 + Level 5.5 Axes
 - Level 3.2 Armour
 - Level 3.2 Shields


You had 2 spell levels left.
You didn't know any spells.

Dungeon Overview and Level Annotations

Branches:
Dungeon (3/15)

Altars:

Annotations:
D:3 execc's ghost, weakling OpGl


Message History

Sorry, you're not good enough to have a special ability.
You closely miss execc's ghost. You block execc's ghost's attack.
You feel very mighty all of a sudden. Execc's ghost hits you!
You barely miss execc's ghost.
Execc's ghost hits you but does no damage.
You closely miss execc's ghost. Execc's ghost hits you.
Your shield prevents you from hitting execc's ghost.
You block execc's ghost's attack. x2
Your shield and scale mail prevent you from hitting execc's ghost.
You block execc's ghost's attack.
You closely miss execc's ghost. You block execc's ghost's attack.
You closely miss execc's ghost. Execc's ghost hits you.
Execc's ghost barely misses you.
You miss execc's ghost. You block execc's ghost's attack.
You miss execc's ghost. Execc's ghost barely misses you.
You closely miss execc's ghost. Execc's ghost hits you!
* * * LOW HITPOINT WARNING * * *
Execc's ghost hits you!
You die...

..# ..# .
..# #.# #.#
.... #.#
#..).###.###
#.......##.#
#<).....#
#@##.####
#W# # #.#
... .## ..
#. #.


You could see execc's ghost.

Vanquished Creatures
  An ooze (D:1)
  A worm (D:2)
  2 dart slugs
  A leopard gecko (D:2)
  5 bats
  A giant cockroach (D:3)
  9 goblins
  9 hobgoblins
  8 kobolds
  A rat (D:1)
38 creatures vanquished.

Notes
Turn   | Place    | Note
-------+----------+-------------------------------------------
     0 | D:1      | newtant the Hill Orc Fighter began the quest for the Orb.
     0 | D:1      | Reached XP level 1. HP: 19/19 MP: 1/1
    15 | D:1      | Reached skill level 3 in Axes
    50 | D:1      | Reached XP level 2. HP: 21/26 MP: 2/2
   256 | D:1      | Reached skill level 4 in Axes
   456 | D:1      | Reached XP level 3. HP: 22/31 MP: 3/3
   883 | D:2      | Reached skill level 5 in Axes
  1321 | D:3      | Noticed execc's ghost (weakling OpGl)
  1335 | D:3      | Slain by execc's ghost

Skill      XL: |  1  2  3 |
---------------+----------+-----
Axes           | 3 4 5 |  5.5
Fighting       | |  3.6
Armour         | |  3.2
Shields        | |  3.2

Action                   || total
-------------------------++-------
Melee: War axe           ||   121
  Use: Potion            ||     1
  Eat: Chunk             ||     1
Armor: Scale mail        ||    37
       Leather armour    ||     7
Dodge: Dodged            ||    37
Block: Shield            ||    53
